 Dungeon Crawl Stone Soup version 0.29.1-15-g9cfb28693d (webtiles) character file.

Game seed: 17311089299238112790

130984 onyshiwa the Severer (level 16, -5/161 (162) HPs)
             Began as a Minotaur Berserker on Feb 22, 2023.
             Was the Champion of Trog.
             Slain by a ghost moth (8 damage)
             ... on level 1 of the Spider Nest on Feb 24, 2023.
             The game lasted 01:54:09 (22572 turns).

onyshiwa the Severer (Minotaur Berserker)          Turns: 22572, Time: 01:54:10

HP:   -5/161 (162)  AC: 26    Str: 26 (27) XL:     16   Next: 54%
MP:   0/15          EV: 14    Int:  2 (4)  God:    Trog [******]
Gold: 2561          SH:  0    Dex: 21 (22) Spells: 15/15 levels left

rFire   + + .      SeeInvis .   X - +10 war axe of Ytsouj {flame, Contam rPois Str+2}
rCold   + . .      Faith    .   D - +0 kite shield
rNeg    . . .      Spirit   .   e - +1 plate armour of Amorality {rF+ rCorr Dex+4 Stlth+}
rPois   +          Reflect  .   (helmet restricted)
rElec   +          Harm     .   R - +2 cloak {Stlth+}
rCorr   +          Rampage  .   s - +2 pair of gloves {Dex+3}
Will    +++..                   I - +1 pair of boots
Stlth   ..........              C - amulet of regeneration
HPRegen 2.16/turn               Z - +4 ring of slaying
MPRegen 0.14/turn               V - ring of poison resistance

@: confused, resistant, strong-willed, regenerating, lightly drained
A: horns 2, retaliatory headbutt
a: Renounce Religion, Berserk, Trog's Hand, Brothers in Arms


You were on level 1 of the Spider Nest.
You worshipped Trog.
Trog was exalted by your worship.
You visited 5 branches of the dungeon, and saw 25 of its levels.
You also visited: Ossuary, Bailey, Ice Cave and Volcano.

You collected 2561 gold pieces.

Inventory:

Hand Weapons
 X - the +10 war axe of Ytsouj (weapon) {flame, Contam rPois Str+2}
   (Trog gifted it to you on level 2 of the Lair of Beasts)

   It burns those it strikes, dealing additional fire damage.
   Big, fiery blades are also staple armaments of hydra-hunters.
   Str:       It affects your strength (+2).
   rPois:     It protects you from poison.
   Contam:    It causes magical contamination when unequipped.
Missiles
 E - 31 poisoned darts (quivered)
Armour
 e - the +1 plate armour of Amorality (worn) {rF+ rCorr Dex+4 Stlth+}
   (You found it on level 15 of the Dungeon)

   Dex:       It affects your dexterity (+4).
   rF:        It protects you from fire.
   rCorr:     It protects you from acid and corrosion.
   Stlth:     It makes you more stealthy.
 s - a +2 pair of gloves of dexterity (worn)
 D - a +0 kite shield (worn)
 I - a +1 pair of boots (worn)
 R - a +2 cloak of stealth (worn)
Jewellery
 d - a +4 ring of evasion
 l - a ring of fire
 u - a ring of fire
 w - a ring of ice
 y - a ring of willpower
 C - an amulet of regeneration (around neck)
 F - a ring of ice
 V - a ring of poison resistance (right hand)
 Z - a +4 ring of slaying (left hand)
Wands
 q - a wand of roots (12)
 x - a wand of digging (4)
 G - a wand of quicksilver (14)
 K - a wand of flame (55)
 O - a wand of paralysis (24)
 S - a wand of polymorph (2)
Scrolls
 a - 2 scrolls of magic mapping
 h - 6 scrolls of poison
 i - 11 scrolls of identify
 j - 4 scrolls of immolation
 m - a scroll of enchant armour
 n - 12 scrolls of teleportation
 p - 2 scrolls of acquirement
 t - 8 scrolls of fear
 z - 2 scrolls of summoning
 L - a scroll of silence
 N - 4 scrolls of butterflies
 P - a scroll of torment
 T - 3 scrolls of enchant weapon
Potions
 c - 8 potions of might
 f - 7 potions of attraction
 g - 7 potions of haste
 k - 5 potions of heal wounds
 o - 4 potions of invisibility
 r - 3 potions of flight
 v - 17 potions of curing
 A - 4 potions of cancellation
 B - 5 potions of lignification
 H - 5 potions of resistance
 J - 10 potions of ambrosia
 M - 2 potions of mutation
 U - 3 potions of berserk rage
Miscellaneous
 b - a condenser vane
 W - a lightning rod (4/4)


   Skills:
 + Level 20.0 Fighting
 + Level 20.1 Axes
 - Level 13.0 Armour
 - Level 13.0 Dodging
 - Level 13.0 Shields


You had 15 spell levels left.
You didn't know any spells.
Your spell library was empty.

Dungeon Overview and Level Annotations

Branches:
Dungeon (15/15)            Temple (1/1) D:7            Lair (5/5) D:11
 Shoals (0/4) Lair:3       Spider (2/4) Lair:3        Slime (0/5) Lair:4
    Orc (2/2) D:10            Elf (0/3) Orc:2        Vaults (0/5) D:14
 Depths (0/4) D:15        Ossuary (visited)          Bailey (visited)
  IceCv (visited)         Volcano (visited)

Altars:
Ashenzari
Cheibriados
Dithmenos
Elyvilon
Fedhas
Gozag
Hepliaklqana
Kikubaaqudgha
Makhleb
Nemelex Xobeh
Okawaru
Qazlal
Ru
Sif Muna
Trog
Uskayaw
Vehumet
Wu Jian
Xom
Yredelemnul
Zin
The Shining One
Jiyva

Shops:
D:1 (   Orc:2 [=!?!


Innate Abilities, Weirdness & Mutations

You have a pair of horns on your head.
You reflexively headbutt those who attack you in melee.


Message History

You slash something! You burn something. The tarantella touches you!
You are confused.
Something hits you but does no damage. Something hits you.
Something stings you but does no damage.
You bump into the rock wall.
The tarantella closely misses you.
Something barely misses you. x2; Something stings you.
You feel dopey.
You closely miss something. You headbutt something! You hit the tarantella.
You burn the tarantella.
You kill the tarantella!
Trog accepts your kill.
Something hits you but does no damage. x2; Something barely misses you.
You bump into the rock wall.
The spark wasp stings you. The spark wasp shocks you!
* * * LOW HITPOINT WARNING * * *
Something hits you.
* * * LOW HITPOINT WARNING * * *
You feel weakened. Something hits you.
* * * LOW HITPOINT WARNING * * *
Something stings you but does no damage.
The spark wasp closely misses you.
You feel you are being watched by something.
You feel your power leaking away. Something hits you.
* * * LOW HITPOINT WARNING * * *
Something hits you but does no damage. Something barely misses you.
The spark wasp barely misses you.
Things that are here:
a +0 hand axe; a +0 leather armour; a meliai corpse
Okay, then.
You feel protected. The spark wasp stings you!
* * * LOW HITPOINT WARNING * * *
The spark wasp shocks you. You resist.
* * * LOW HITPOINT WARNING * * *
Something hits you!
* * * LOW HITPOINT WARNING * * *
Something hits you!
You die...

##...###...###..
##......#.#.#...
##..)............
#.....†.^#8......
#.#†......##...##
##.##......###..##
#.###.............
##{###....†:.......
#######.@>###............
###..(.^..#y###............
###...#######..###..........#
#####.....# ##.####.........#
..........# #..# #.......#..
..........# ##.####...^.##..
.........## #..# #.....###.
.........# #..# ##...## ##
#........# ##.# ##.## #


You could see a spark wasp.

Vanquished Creatures
  3 liches (D:13)
  The ghost of burchardtist the Severer, a journeyman MiBe of Trog (D:13)
  2 entropy weavers (Spider:1)
  A dire elephant (Lair:5)
  An ettin (D:15)
  A fire dragon (Volcano)
  Erolcha (Orc:2)
  7 hydras
  An ice dragon (D:14)
  4 boulder beetles
  An ogre mage (D:10)
  A catoblepas (Lair:5)
  A death knight (D:15)
  2 radroaches (Spider:1)
  A centaur warrior (D:15)
  An alligator (Lair:3)
  A death yak (Lair:3)
  An anaconda (Lair:5)
  A hell hog (Volcano)
  2 two-headed ogres
  2 tengu warriors
  The ghost of Henri the Spear-Bearer, a novice FoFi of Qazlal (D:10)
  Urug (Lair:2)
  Sonja (Lair:3)
  A hell knight (D:15)
  3 pharaoh ants (Spider:1)
  2 fire crabs
  A sun moth (Spider:1)
  2 deep trolls (D:15)
  3 goliath frogs (Lair:5)
  A phantasmal warrior (D:15)
  2 wizards (D:14)
  Pikel (D:6)
  2 orc knights
  2 necromancers
  2 wolf spiders (Spider:1)
  A deep elf pyromancer (D:15)
  9 orc sorcerers (Orc:2)
  31 ugly things
  8 manticores
  Joseph (D:10)
  4 cyclopes
  Maurice (D:10)
  5 black mambas
  10 elephants
  4 torpor snails
  A molten gargoyle (Volcano)
  4 demonic crawlers (Spider:1)
  22 cane toads
  11 komodo dragons
  2 cane toads (shapeshifter) (D:15)
  4 gargoyles
  3 rime drakes
  6 freezing wraiths
  An ice devil (IceCv)
  A queen bee (shapeshifter) (D:10)
  2 tengu conjurers
  4 polar bears
  A queen bee (D:14)
  4 meliai
  A troll (shapeshifter) (D:15)
  4 trolls
  2 tyrant leeches (Lair:5)
  7 slime creatures
  14 hornets
  4 tarantellas (Spider:1)
  21 blink frogs
  4 dream sheep (Lair:5)
  Sigmund (D:3)
  A vampire (D:10)
  5 jumping spiders
  11 wraiths
  6 humans (Bailey)
  4 culicivoras (Spider:1)
  37 yaks
  A fire elemental (Lair:2)
  9 wyverns
  6 basilisks
  13 fire bats
  Grum (D:10)
  2 steam dragons (D:8)
  13 redbacks
  3 wargs
  Menkaure (D:4)
  12 vampire mosquitoes
  An acid dragon (D:9)
  4 hell hounds
  22 water moccasins
  A hydra simulacrum (IceCv)
  3 hornet zombies (Ossuary)
  4 black bears
  3 ice beasts
  A sky beast (D:8)
  17 orc warriors
  3 ogres (Orc:2)
  A boggart (D:15)
  3 lemures (D:6)
  12 wolves
  8 centaurs
  A kobold brigand (D:7)
  23 bullfrogs
  2 necrophages (D:5)
  2 gnoll sergeants (D:10)
  2 scorpions
  2 deep troll simulacra (IceCv)
  10 wights
  4 water moccasin zombies (Ossuary)
  26 killer bees
  3 howler monkeys
  8 electric eels
  6 bullfrog zombies (Ossuary)
  4 lava snakes (Volcano)
  A gnoll bouda (D:5)
  3 hounds
  5 jellies
  8 orc priests
  5 centaur zombies (Ossuary)
  An iron imp (D:10)
  8 iguanas
  Natasha (thrice) (D:3)
  33 orc wizards
  2 yak simulacra (D:10)
  6 hell rats (Lair:5)
  2 polar bear simulacra (D:10)
  A wolf simulacrum (D:10)
  11 mummies (Ossuary)
  5 howler monkey zombies (Ossuary)
  5 adders
  15 gnolls
  2 shadow imps
  2 white imps
  7 worms
  4 dart slugs
  84 orcs
  5 ball pythons
  9 endoplasms
  3 giant cockroaches
  11 goblins
  6 hobgoblins
  11 kobolds
  4 quokkas
  8 bats
  A frilled lizard (D:1)
  2 rats
  6 river rat simulacra (D:10)
839 creatures vanquished.

Vanquished Creatures (collateral kills)
  A lich (D:13)
  Josephine (D:14)
  2 vault guards (Bailey)
  A centaur warrior (D:14)
  A death knight (D:15)
  A phantasmal warrior (D:15)
  3 ugly things
  A cyclops (D:14)
  A freezing wraith (D:14)
  2 meliai (D:14)
  Prince Ribbit (Bailey)
  2 wraiths (D:14)
17 creatures vanquished.

Vanquished Creatures (others)
  An orc wizard (Orc:2)
  23 fungi
  77 plants
  3 withered plants (Ossuary)
104 creatures vanquished.

Grand Total: 960 creatures vanquished

Notes
Turn   | Place    | Note
-------+----------+-------------------------------------------
     0 | D:1      | onyshiwa the Minotaur Berserker began the quest for the
                  | Orb.
     0 | D:1      | Reached XP level 1. HP: 19/19 MP: 0/0
   418 | D:1      | Found Emezydea's Antique Weapon Shoppe.
   486 | D:1      | Reached XP level 2. HP: 21/27 MP: 1/1
   984 | D:1      | Reached XP level 3. HP: 17/33 MP: 2/2
  1251 | D:1      | Found a faded altar of an unknown god.
  1360 | D:2      | Reached ** piety under Trog
  1818 | D:2      | Reached XP level 4. HP: 40/40 MP: 3/3
  2334 | D:3      | Reached skill level 5 in Axes
  2411 | D:3      | Noticed Natasha
  2421 | D:3      | Killed Natasha
  2422 | D:3      | Reached XP level 5. HP: 44/47 MP: 4/4
  2475 | D:3      | Noticed Sigmund
  2487 | D:3      | Killed Sigmund
  2488 | D:3      | Reached XP level 6. HP: 55/55 MP: 5/5
  2611 | D:3      | Reached skill level 5 in Fighting
  2642 | D:3      | Noticed Natasha
  2655 | D:3      | Killed Natasha
  3273 | D:3      | Noticed Natasha
  3280 | D:3      | Killed Natasha
  3605 | D:4      | Found a shimmering blue altar of Sif Muna.
  3757 | D:4      | Noticed Menkaure
  3765 | D:4      | Killed Menkaure
  3766 | D:4      | Reached XP level 7. HP: 38/61 MP: 6/6
  4123 | D:5      | Entered Level 5 of the Dungeon
  4348 | D:5      | Reached skill level 5 in Armour
  4619 | D:5      | Found a shadowy altar of Dithmenos.
  4897 | D:5      | Reached skill level 5 in Dodging
  4897 | D:5      | Reached XP level 8. HP: 69/70 MP: 7/7
  5056 | D:6      | Reached *** piety under Trog
  5201 | D:6      | Found a sand-covered staircase.
  5212 | Ossuary  | Entered an ossuary
  5488 | Ossuary  | Reached XP level 9. HP: 77/79 MP: 8/8
  5532 | Ossuary  | Reached **** piety under Trog
  5584 | Ossuary  | Reached skill level 10 in Axes
  5687 | D:6      | Found a bloodstained altar of Trog.
  5691 | D:6      | Found a broken altar of Ashenzari.
  6050 | D:6      | Identified 2 scrolls of acquirement
  6064 | D:6      | Noticed Pikel
  6076 | D:6      | Killed Pikel
  6452 | D:7      | Found a staircase to the Ecumenical Temple.
  6713 | D:8      | Reached XP level 10. HP: 79/90 MP: 9/9
  6790 | D:8      | Reached skill level 1 in Shields
  6896 | D:8      | Noticed a tengu warrior
  6896 | D:8      | Noticed a manticore
  6899 | D:8      | Noticed a gargoyle
  6911 | D:8      | Paralysed by a hornet for 1 turns
  6943 | D:8      | Killed a tengu warrior
  6948 | D:8      | Killed a gargoyle
  6955 | D:8      | Killed a manticore
  7065 | D:8      | Noticed a cyclops
  7099 | D:8      | Killed a cyclops
  7298 | D:8      | Found an ornate altar of the Wu Jian Council.
  7597 | D:9      | Reached skill level 10 in Fighting
  7699 | D:9      | Reached skill level 5 in Shields
  7699 | D:9      | Reached XP level 11. HP: 89/99 MP: 10/10
  7896 | D:9      | Found a glowing silver altar of Zin.
  8260 | D:10     | Entered Level 10 of the Dungeon
  8268 | D:10     | Noticed Joseph
  8283 | D:10     | Killed Joseph
  8309 | D:10     | Found a flagged portal.
  8317 | Bailey   | Entered a bailey
  8369 | Bailey   | Reached ***** piety under Trog
  8390 | Bailey   | Noticed a vault guard
  8397 | Bailey   | Killed a vault guard
  8417 | Bailey   | Noticed Prince Ribbit
  8417 | Bailey   | Noticed a vault guard
  8422 | Bailey   | Killed a vault guard
  8424 | Bailey   | Killed Prince Ribbit
  8606 | D:10     | Found a staircase to the Orcish Mines.
  8633 | D:10     | Found a snail-covered altar of Cheibriados.
  8633 | D:10     | Noticed Maurice
  8652 | D:10     | Killed Maurice
  8757 | D:10     | Noticed a cyan ugly thing
  8765 | D:10     | Killed a cyan ugly thing
  8814 | D:10     | Noticed a necromancer
  8824 | D:10     | Killed a necromancer
  8982 | D:10     | Noticed Grum
  8994 | D:10     | Killed Grum
  8998 | D:10     | Found a large runed translucent door.
  8999 | D:10     | Found a large runed translucent door.
  9001 | D:10     | Noticed Henri's ghost (novice FoFi)
  9029 | D:10     | Received a gift from Trog
  9030 | D:10     | Reached XP level 12. HP: 109/112 MP: 11/11
  9052 | D:10     | Noticed an ogre mage
  9057 | D:10     | Killed an ogre mage
  9274 | D:10     | Killed Henri's ghost
  9795 | D:11     | Found a staircase to the Lair.
  9986 | D:12     | Noticed a two-headed ogre
  9991 | D:12     | Killed a two-headed ogre
 10107 | D:12     | Reached skill level 15 in Axes
 10767 | D:13     | Noticed a boulder beetle
 10772 | D:13     | Killed a boulder beetle
 10852 | D:13     | Reached skill level 10 in Shields
 10997 | D:13     | Noticed a four-headed hydra
 11005 | D:13     | Killed a one-headed hydra
 11210 | D:13     | Found a runed translucent gate.
 11210 | D:13     | Found a runed translucent gate.
 11210 | D:13     | Found an ancient bone altar of Kikubaaqudgha.
 11210 | D:13     | Found a runed translucent gate.
 11210 | D:13     | Noticed a lich
 11211 | D:13     | Noticed a lich
 11211 | D:13     | Noticed burchardtist's ghost (journeyman MiBe)
 11211 | D:13     | Noticed a lich
 11211 | D:13     | Noticed a lich
 11278 | D:13     | Noticed an eight-headed hydra
 11296 | D:13     | Killed a six-headed hydra
 11586 | D:14     | Noticed a two-headed ogre
 11590 | D:14     | Killed a two-headed ogre
 11593 | D:14     | Found a gate to the Vaults.
 11601 | D:14     | Reached XP level 13. HP: 84/122 MP: 12/12
 11702 | D:14     | Found a frozen archway.
 11711 | IceCv    | Entered an ice cave
 11954 | D:14     | Noticed Josephine
 12022 | D:14     | HP: 5/124 [meliai/divine providence (10)]
 12027 | D:14     | Killed Josephine
 12702 | D:14     | Reached skill level 15 in Fighting
 13039 | D:15     | Entered Level 15 of the Dungeon
 13070 | D:15     | Reached XP level 14. HP: 116/135 MP: 13/13
 13725 | D:15     | Identified the +1 plate armour of Amorality {rF+ rCorr
                  | Dex+4 Stlth+}
 14079 | D:15     | Reached skill level 10 in Armour
 14187 | D:15     | Found a staircase to the Depths.
 14313 | D:15     | Reached skill level 10 in Dodging
 14808 | Orc:1    | Entered Level 1 of the Orcish Mines
 14919 | Orc:1    | Identified the +4 broad axe of the Everdark {flame, rF+
                  | Dex+3 Stlth+} (Trog gifted it to you on level 1 of the
                  | Orcish Mines)
 14919 | Orc:1    | Received a gift from Trog
 15031 | Orc:1    | Found a bloodstained altar of Trog.
 15109 | Orc:2    | Entered Level 2 of the Orcish Mines
 15440 | Orc:2    | Found Toez's Distillery.
 15456 | Orc:2    | Found a staircase to the Elven Halls.
 15554 | Orc:2    | Found Doenk's Antique Armour Shop.
 15576 | Orc:2    | Found an ancient bone altar of Kikubaaqudgha.
 15603 | Orc:2    | Found Hoasta Fyrum's Jewellery Shop.
 15618 | Orc:2    | Noticed Erolcha
 15625 | Orc:2    | Killed Erolcha
 15626 | Orc:2    | Found a radiant altar of Vehumet.
 15693 | Orc:2    | Found Zycekh's Magic Scroll Boutique.
 15731 | Orc:2    | Found Zupitos's Distillery.
 16076 | Temple   | Entered the Ecumenical Temple
 16418 | Lair:1   | Entered Level 1 of the Lair of Beasts
 17134 | Lair:2   | Found a transporter.
 17147 | Lair:2   | Found a transporter.
 17307 | Lair:2   | Identified the +10 war axe of Ytsouj {flame, Contam rPois
                  | Str+2} (Trog gifted it to you on level 2 of the Lair of
                  | Beasts)
 17307 | Lair:2   | Received a gift from Trog
 17328 | Lair:2   | Reached XP level 15. HP: 146/147 MP: 14/14
 17412 | Lair:2   | Noticed Urug
 17422 | Lair:2   | Killed Urug
 17736 | Lair:3   | Found a staircase to the Shoals.
 17800 | Lair:3   | Noticed Sonja
 17805 | Lair:3   | Killed Sonja
 18094 | Lair:3   | Found a hole to the Spider Nest.
 18404 | Lair:4   | Found a dark tunnel.
 18415 | Volcano  | Entered a volcano
 18714 | Volcano  | Found a bloodstained altar of Trog.
 18722 | Volcano  | Received a gift from Trog
 19112 | Lair:4   | Identified the +2 scale mail of Tylaidus {rF+++ rC+ Str-3
                  | Int-2}
 19338 | Lair:4   | Found a viscous altar of Jiyva.
 19420 | Lair:4   | You fall into a shaft and drop 1 floor!
 19420 | Lair:5   | Entered Level 5 of the Lair of Beasts
 19475 | Lair:4   | Found a staircase to the Slime Pits.
 20018 | Lair:5   | Received a gift from Trog
 20439 | Lair:5   | Reached XP level 16. HP: 140/159 MP: 15/15
 20756 | Lair:5   | Reached ****** piety under Trog
 21275 | D:13     | Killed a lich
 21277 | D:13     | Killed a lich
 21279 | D:13     | Killed a lich
 21280 | D:13     | Killed a lich
 21284 | D:13     | Killed burchardtist's ghost
 21314 | D:13     | Identified the ring of Iklulurph {Drain AC+4 Int+6}
 21326 | D:13     | Identified the +10 spear of Psychosis {elec, rN++}
 21333 | D:13     | Identified the +1 cloak "Damnable Contraption" {rC+ Will-
                  | Stlth+}
 21556 | Spider:1 | Entered Level 1 of the Spider Nest
 21562 | Spider:1 | Received a gift from Trog
 22572 | Spider:1 | HP: 3/161 [something (12)]
 22572 | Spider:1 | Slain by a ghost moth

Illustrated notes

Levels and vault maps discovered:
D:1:      dpeg_arrival_boxorama, layout_basic, serial_shops,
          nicolae_shop_overgrown_old_shop,
          shapermc_ecumenical_altar_mp_vishouse, minmay_misc_feat_enclosed,
          minmay_split_cup_small
D:2:      layout_basic, palyth_stone_intersect
D:3:      layout_loops_ring, uniq_sigmund, uniq_natasha
D:4:      minmay_spotlight, layout_loops_ring, kennysheep_orc_sif_temple,
          uniq_menkaure
D:5:      layout_basic, lemuel_tele_altar
D:6:      layout_gridville, minitemple, enter_ossuary_3, grunt_decor_one_mirror,
          uniq_pikel
D:7:      layout_basic, minmay_temple_entry_statues
D:8:      layout_cave_pools, nicolae_wu_jian_wuxing_cycle, serial_rivers,
          chequers_serial_rivers_room_b, chequers_serial_rivers_micro_c,
          chequers_serial_rivers_room_a, chequers_serial_rivers_room_a,
          chequers_serial_rivers_micro_a, nzn_random_ring
D:9:      cheibrodos_two_vegetables, layout_rooms, mainiacjoe_overflow_24_doors,
          minmay_fountain_box
D:10:     minmay_wavy_crystal, layout_basic, slow_altar_1, orc_0_dummy,
          enter_bailey_3, ebering_ghost_disaster_area, eino_house_with_fridge,
          uniq_grum, uniq_maurice, uniq_joseph
D:11:     layout_basic, lair_entry_dummy
D:12:     layout_loops_ring
D:13:     layout_loops_ring, gammafunk_ghost_crypt
D:14:     layout_roguey [special_room_bee], david_vaults_1,
          kennysheep_minor_cross, portal_ice_cave_entry_dragon, hive_lemuel,
          uniq_josephine
D:15:     hangedman_depths_entry_civil_slaughter, layout_grid_maze,
          minmay_tree_intersection, uniq_kirke
Temple:   regret_index_temple_generic_petals
Lair:1:   layout_cave_shapes, lemuel_fruit_fields
Lair:2:   gammafunk_cloud_chamber, layout_gridlike, serial_bayou_crossing,
          uniq_urug
Lair:3:   layout_cave_shapes, shoals_dummy_entry, spider_nest_entry_webs,
          nicolae_lair_lakeside_cave, uniq_sonja
Lair:4:   layout_concentric_octagons, nicolae_slime_entry_slimehenge,
          enter_volcano_3, grunt_forest_small_clearings, serial_bayou_shore_b
Lair:5:   minmay_lair_end_frog_pond, layout_regular_city,
          minmay_shattered_shrine
Spider:1: layout_cave_pods, hellmonk_test_site
Spider:2: layout_spider_delve, nicolae_spider_eight_legs
Orc:1:    layout_caves, trog_butcher_becter
Orc:2:    kennysheep_orc_mage_school, layout_diamond_mine, serial_shops,
          nicolae_shop_hallway_plus

Skill      XL: |  1  2  3  4  5  6  7  8  9 10 11 12 13 14 15 16 |
---------------+-------------------------------------------------+-----
Axes           | 4 5 6 7 9 11 13 14 16 18 20 | 20.1
Fighting       | 4 5 6 7 8 10 12 13 15 17 18 20 | 20.0
Armour         | 3 4 5 6 8 11 13 | 13.0
Dodging        | 3 4 5 6 7 8 11 13 | 13.0
Shields        | 5 8 10 13 | 13.0

Action                   |  1- 3 |  4- 6 |  7- 9 | 10-12 | 13-15 | 16-18 || total
-------------------------+-------+-------+-------+-------+-------+-------++-------
Melee: Hand axe          |    86 |    81 |   347 |   473 |       |       ||   987
       Headbutt          |    17 |    14 |    79 |   163 |   299 |    54 ||   626
       Punch             |     1 |     1 |     3 |       |       |       ||     5
       Flail             |     2 |       |       |       |       |       ||     2
       Broad axe         |       |       |       |   152 |   492 |       ||   644
       War axe           |       |       |       |       |   684 |   181 ||   865
Invok: Trog's Hand       |       |     3 |     3 |    14 |    11 |     2 ||    33
       Berserk           |       |     1 |     2 |     3 |     1 |     1 ||     8
       Brothers in Arms  |       |       |       |     1 |     5 |     1 ||     7
Evoke: Wand              |       |       |       |       |     1 |       ||     1
  Use: Scroll            |       |       |    21 |     8 |     6 |       ||    35
       Potion            |       |       |       |     3 |     5 |     1 ||     9
Armor: Animal skin       |     1 |       |       |       |       |       ||     1
       Ring mail         |    21 |    24 |    25 |       |       |       ||    70
       Plate armour      |       |       |   128 |   271 |   547 |    94 ||  1040
Dodge: Dodged            |    50 |    38 |   156 |   186 |   434 |   104 ||   968
Block: Kite shield       |       |       |       |   279 |   809 |   104 ||  1192
